 Seeded DCSS version 0.30.0-29-ga12c61a403 (webtiles) character file.

Game seed: 18007716519941398942 (custom seed)

14 Dadbod the Shield-Bearer (level 2, 24/24 HPs)
             Began as a Formicid Fighter on June 5, 2023.
             Quit the game on level 1 of the Dungeon.
             The game lasted 00:01:29 (104 turns).

Dadbod the Shield-Bearer (Formicid Fighter)          Turns: 104, Time: 00:01:30

Health: 24/24      AC:  6    Str: 20    XL:     2   Next: 60%
Magic:  2/2        EV:  9    Int:  7    God:
Gold:   9          SH:  5    Dex: 13    Spells: 1/1 levels left

rFire   . . .        a - +0 war axe
rCold   . . .        c - +0 buckler
rNeg    . . .        b - +0 scale mail
rPois   .            (helmet unavailable)
rElec   .            (no cloak)
rCorr   .            (no gloves)
SInv    +            (no boots)
Will    .....        (no amulet) Stlth
                     (no ring)
HPRegen 0.24/turn    (no ring)
MPRegen 0.08/turn

%: no passive effects
@: studying Armour
A: permanent stasis, dig shafts and tunnels, antennae 3, four strong arms
a: Dig, Shaft Self


You were on level 1 of the Dungeon.
You visited 1 branch of the dungeon, and saw 1 of its levels.

You collected 9 gold pieces.

Inventory:

Hand Weapons
 a - a +0 war axe (weapon)
Armour
 b - a +0 scale mail (worn)
 c - a +0 buckler (worn)
 f - the +2 pair of gloves "Kexutt" {+Inv rC+ Str+2 Dex+3}
   (You acquired it on level 1 of the Dungeon)

   Str:       It affects your strength (+2).
   Dex:       It affects your dexterity (+3).
   rC:        It protects you from cold.
   +Inv:      It lets you turn invisible.
Jewellery
 e - an amulet of faith
 g - the ring of Lodihof {rC+ Str+6 Dex+2}
   (You acquired it on level 1 of the Dungeon)

   [ring of strength]

   Str:       It affects your strength (+6).
   Dex:       It affects your dexterity (+2).
   rC:        It protects you from cold.
Potions
 d - a potion of might


   Skills:
 + Level 3.5 Fighting
 + Level 2.1 Axes
 + Level 3.5 Armour
 + Level 4.3 Shields


You had one spell level left.
You didn't know any spells.
Your spell library was empty.

Dungeon Overview and Level Annotations

Branches:
Dungeon (1/15)

Altars:


Innate Abilities, Weirdness & Mutations

You cannot be hasted, slowed, berserked, paralysed or teleported.
You can dig through walls and to a lower floor.
You have a pair of large antennae on your head. (SInv)
Your four strong arms can wield two-handed weapons with a shield.


Message History

You slash the hobgoblin!
You kill the hobgoblin!
Found a long sword.
HP restored.
Found 2 lumpy sapphire potions.
Found a scroll labelled UNKIPPOYZU.
You sense a monster nearby.
A goblin comes into view. It is wielding a +0 dagger.
The goblin shouts!
You hear an angry hiss.
An endoplasm comes into view.
You see here a scroll labelled UNKIPPOYZU.
A frilled lizard comes into view.
The endoplasm quivers.
The frilled lizard hisses angrily.
You hit the goblin.
The goblin is moderately wounded.
The goblin hits you but does no damage.
You hit the goblin.
You kill the goblin!
You hit the endoplasm.
You kill the endoplasm!
You miss the frilled lizard. The frilled lizard bites you.
You slash the frilled lizard!
You kill the frilled lizard!
Things that are here:
a +0 dagger; a frilled lizard corpse
Found 3 scrolls labelled DICAOL JAOKK.
f - 3 scrolls labelled DICAOL JAOKK This is a scroll of acquirement!
Something appears at your feet!
g - the ring of Lodihof {rC+ Str+6 Dex+2} You see here a manual of Armour.
Something appears at your feet!
You pick up a manual of Armour and begin studying.
Something appears at your feet!
f - the +2 pair of gloves "Kexutt" {+Inv rC+ Str+2 Dex+3} You aren't carrying any scrolls.
Unknown command.
Unknown command.
Unknown command.
Are you sure you want to abandon this character and quit the game? (Confirm with "yes".)

.............
..##.#.######
.###.#.# .#
#.#.# .#
#.#.. .#
#.### #######
.# #.# #..
..#
####.#####
#.# #.#
#......)# #.#
#@# #.#.##.##
#.# #.#
#.#..#.#
##.###.#{ #
##.#.#
#...)..# .#.#
#.?###.# {
.#.# #..# #.#
.#.# #..# ###
.#.# #..# #.#
#..#


There were no monsters in sight!

Vanquished Creatures
  4 endoplasms (D:1)
  A goblin (D:1)
  A hobgoblin (D:1)
  4 jackals (D:1)
  A frilled lizard (D:1)
11 creatures vanquished.

Notes
Turn   | Place    | Note
-------+----------+-------------------------------------------
     0 | D:1      | Dadbod the Formicid Fighter began the quest for the Orb.
     0 | D:1      | Reached XP level 1. HP: 18/18 MP: 1/1
    28 | D:1      | Reached XP level 2. HP: 16/24 MP: 2/2
    98 | D:1      | Identified 3 scrolls of acquirement
    98 | D:1      | Acquired the ring of Lodihof {rC+ Str+6 Dex+2}
   100 | D:1      | Acquired a manual of Armour
   102 | D:1      | Acquired the +2 pair of gloves "Kexutt" {+Inv rC+ Str+2
                  | Dex+3}
   104 | D:1      | Quit the game

Illustrated notes

Levels and vault maps discovered:
D:1:      psy_arrival_dodecagon, layout_basic,
          dreamdust_ecumenical_altar_sealed_demon

Action                     || total
---------------------------++-------
  Melee: War axe           ||    15
    Use: Scroll            ||     3
 Armour: Scale mail        ||    10
  Dodge: Dodged            ||     6
  Block: Buckler           ||     3
